 Dungeon Sprint DCSS version 0.30-a0-996-ga6910c8ee8 (webtiles) character file.

Game seed: 3748579218490702765

415 rocky1 the Summoner (level 6, -13/32 HPs)
             Began as a Deep Elf Summoner on Apr 5, 2023.
             Was an Elder of Sif Muna.
             Mangled by a freezing wraith (17 damage)
             ... in the Dungeon (Sprint VII: "The Pits").
             The game lasted 00:05:33 (1173 turns).

rocky1 the Summoner (Deep Elf Summoner)             Turns: 1173, Time: 00:05:33

Health: -13/32     AC:  2    Str:  5    XL:     6   Next: 60%
Magic:  12/21      EV: 13    Int: 22    God:    Sif Muna [****..]
Gold:   0          SH:  0    Dex: 15    Spells: 15/26 levels left

rFire   . . .      SeeInvis .    k - +3 quarterstaff (speed)
rCold   . . .      Faith    .    (shield currently unavailable)
rNeg    . . .      Spirit   .    a - +0 robe
rPois   .          Reflect  .    (no helmet)
rElec   .          Rampage  .    (no cloak)
rCorr   .          NoTele   +    (no gloves)
Will    .....                    (no boots)
Stlth   ++                       (no amulet)
HPRegen 0.25/turn                (no ring)
MPRegen 0.17/turn                (no ring)

@: slowed, very slow
A: no striking features
a: Renounce Religion, Channel Magic, Forget Spell, Divine Exegesis


You were in the Dungeon.
You worshipped Sif Muna.
Sif Muna was greatly pleased with you.
You visited 1 branch

Inventory:

Hand Weapons
 k - a +3 quarterstaff of speed (weapon)
Armour
 a - a +0 robe (worn)
Scrolls
 g - a scroll of blinking
 i - 5 scrolls of amnesia
 j - a scroll of butterflies
Potions
 b - 5 potions of magic
 c - 6 potions of curing
 d - 6 potions of heal wounds
 e - a potion of haste
 f - 3 potions of berserk rage
 h - 2 potions of invisibility


   Skills:
 - Level 2.9 Dodging
 - Level 2.7 Stealth
 + Level 10.9 Spellcasting
 * Level 13.3 Summonings


You had 15 spell levels left.
You knew the following spells:

 Your Spells              Type           Power      Damage    Failure   Level
a - Summon Small Mammal   Summ           100%       N/A       1%          1
b - Call Canine Familiar  Summ           63%        N/A       1%          3
c - Summon Guardian Gole  Hex/Summ       41%        N/A       1%          3
d - Summon Lightning Spi  Summ/Air       41%        N/A       3%          4

Your spell library contained the following spells:

 Spells                   Type           Power      Damage    Failure   Level
 Call Imp                 Summ           63%        N/A       1%          2


Dungeon Overview and Level Annotations

Branches:
Dungeon (1/1)

Altars:
Ashenzari
Cheibriados
Dithmenos
Elyvilon
Fedhas
Gozag
Hepliaklqana
Kikubaaqudgha
Makhleb
Nemelex Xobeh
Okawaru
Qazlal
Ru
Sif Muna
Trog
Uskayaw
Vehumet
Wu Jian
Xom
Yredelemnul
Zin
The Shining One
Jiyva
Lugonu


Message History

Sif Muna accepts your kill.
You swap places.
There is an open door here.
You see here an iguana corpse.
You open the door.
A freezing wraith comes into view.
Your warg bites the freezing wraith.
The freezing wraith barely misses your warg.
The freezing wraith hits your warg!
The freezing wraith drains your warg's vigour!
Your warg seems to slow down.
Unknown command.
Your warg bites the freezing wraith.
The freezing wraith hits your warg! The freezing wraith freezes your warg!
Your warg dies!
Your warg's corpse disappears in a puff of smoke!
There is an open door here.
Casting: Call Canine Familiar (safe; 1% risk of failure)
Confirm with . or Enter, or press ? or * to list all spells.
The spell is quite dangerous to miscast (3% risk of failure)!
Continue anyway?
An electric hum fills the air.
Unknown command.
The freezing wraith attacks as you move away!
The freezing wraith closely misses you. The freezing wraith barely misses you.
Your lightning spire shoots out a bolt of lightning at the freezing wraith!
The bolt of electricity hits the freezing wraith!
The freezing wraith attacks as you move away!
The freezing wraith misses you. The freezing wraith hits you.
Casting: Summon Lightning Spire (quite dangerous; 3% risk of failure)
Confirm with . or Enter, or press ? or * to list all spells.
The spell is quite dangerous to miscast (3% risk of failure)!
Continue anyway?
An electric hum fills the air.
Your lightning spire disappears in a puff of smoke!
The freezing wraith closely misses you. The freezing wraith hits you!
The freezing wraith drains your vigour!
You feel yourself slow down. The freezing wraith hits you!
* * * LOW HITPOINT WARNING * * *
The freezing wraith freezes you!
Ouch! That really hurt!
You die...

#)#........##.......#
#'###########.......#
#.......# #########
#.†###..# #.......#
##.###.##+#
#.......#.+
#..###..#'#
#..8@W..'†#
###########


You could see a freezing wraith (ally target) and a friendly lightning spire
(summoned).

Vanquished Creatures (collateral kills)
  2 floating eyes (D)
  A wolf (D)
  A quasit (D)
  A hound (D)
  An iguana (D)
  3 river rats (D)
  A white imp (D)
  An ufetubus (D)
  2 goblins (D)
  A quokka (D)
  A bat (D)
  A quokka skeleton (D)
16 creatures vanquished.

Notes
Turn   | Place    | Note
-------+----------+-------------------------------------------
     0 | D        | rocky1 the Deep Elf Summoner began the quest for the Orb.
     0 | D        | Reached XP level 1. HP: 10/10 MP: 6/6
    43 | D        | Reached skill level 5 in Summonings
    43 | D        | Reached XP level 2. HP: 12/15 MP: 3/8
   316 | D        | Found a bloodstained altar of Trog.
   316 | D        | Found a shimmering blue altar of Sif Muna.
   316 | D        | Found a viscous altar of Jiyva.
   316 | D        | Found a hazy altar of Hepliaklqana.
   316 | D        | Found an opulent altar of Gozag.
   317 | D        | Found a glowing golden altar of the Shining One.
   317 | D        | Found a glowing silver altar of Zin.
   317 | D        | Found a basalt altar of Yredelemnul.
   317 | D        | Found a shimmering altar of Xom.
   317 | D        | Found an ornate altar of the Wu Jian Council.
   317 | D        | Found a sacrificial altar of Ru.
   317 | D        | Found a stormy altar of Qazlal.
   317 | D        | Found an iron altar of Okawaru.
   317 | D        | Found a sparkling altar of Nemelex Xobeh.
   317 | D        | Found a burning altar of Makhleb.
   317 | D        | Found a blossoming altar of Fedhas.
   317 | D        | Found a white marble altar of Elyvilon.
   317 | D        | Found a shadowy altar of Dithmenos.
   317 | D        | Found a snail-covered altar of Cheibriados.
   320 | D        | Found a corrupted altar of Lugonu.
   320 | D        | Found a radiant altar of Vehumet.
   321 | D        | Found an ancient bone altar of Kikubaaqudgha.
   321 | D        | Found a hide-covered altar of Uskayaw.
   321 | D        | Found a broken altar of Ashenzari.
   322 | D        | Became a worshipper of Sif Muna the Loreminder
   333 | D        | Noticed a floating eye
   333 | D        | Noticed a floating eye
   335 | D        | Paralysed by a floating eye for 4 turns
   341 | D        | Killed a floating eye
   342 | D        | Reached skill level 9 in Summonings
   342 | D        | Reached XP level 3. HP: 19/19 MP: 6/13
   342 | D        | Reached XP level 4. HP: 24/24 MP: 6/15
   345 | D        | Paralysed by a floating eye for 2 turns
   347 | D        | Killed a floating eye
   348 | D        | Reached skill level 11 in Summonings
   348 | D        | Reached XP level 5. HP: 28/28 MP: 7/18
   702 | D        | Learned a level 3 spell: Call Canine Familiar
   706 | D        | Learned a level 3 spell: Summon Guardian Golem
   711 | D        | Learned a level 4 spell: Summon Lightning Spire
   753 | D        | Reached * piety under Sif Muna
   917 | D        | Reached ** piety under Sif Muna
   992 | D        | Reached *** piety under Sif Muna
   993 | D        | Reached XP level 6. HP: 26/32 MP: 13/20
   996 | D        | Reached skill level 12 in Summonings
  1017 | D        | Reached skill level 10 in Spellcasting
  1017 | D        | Reached **** piety under Sif Muna
  1018 | D        | Reached skill level 13 in Summonings
  1164 | D        | Noticed a freezing wraith
  1173 | D        | Mangled by a freezing wraith

Illustrated notes

Levels and vault maps discovered:
D:        pitsprint [storerooms_1, entrance_room_1, metal_vault_2, armoury_2,
          mini_pit_1, grid_room_1, main_hall_1, silver_pit, the_coven_3,
          the_vestibule_1, steel_vault_3, golden_pit, hallway_of_sentries,
          crystal_vault_2, iron_vault_3, final_vault]

Skill      XL: |  1  2  3  4  5  6 |
---------------+-------------------+-----
Summonings     | 5 9 11 13 | 13.3
Spellcasting   | 7 8 9 10 | 10.9
Dodging        | |  2.9
Stealth        | |  2.7

Action                     |  1- 3 |  4- 6 || total
---------------------------+-------+-------++-------
  Melee: Unarmed           |    14 |     6 ||    20
   Cast: Summon Small Mamm |     8 |     1 ||     9
         Call Canine Famil |       |     5 ||     5
         Summon Lightning  |       |     4 ||     4
         Summon Guardian G |       |     1 ||     1
   Stab: Distracted        |     2 |       ||     2
  Dodge: Dodged            |    20 |    12 ||    32

Table legend: (Time is in decaauts)
 A = Elapsed time spent in this place.
 B = Non-inter-level travel time spent in this place.
 C = Inter-level travel time spent in this place.
 D = Time resting spent in this place.
 E = Time spent auto-exploring this place.
 F = Levels seen in this place.
 G = Mean time per level.
                   A        B        C        D        E       F      G
               +--------+--------+--------+--------+--------+-----+--------+
         Total |   1172 |   1154 |     18 |    861 |      0 |   1 | 1172.0 |
       Dungeon |   1172 |   1154 |     18 |    861 |      0 |   1 | 1172.0 |
               +--------+--------+--------+--------+--------+-----+--------+

Top non-repeatable levels by time:
       D: 1172 daAuts
